 Dungeon Crawl Stone Soup version 0.18.0-1-g0107ab7 (webtiles) character file.

3331 LORDOFBUTT the Basher (level 9, -3/81 (82) HPs)
             Began as a Minotaur Fighter on May 5, 2016.
             Was a Believer of Ashenzari.
             Slain by an eight-headed hydra (14 damage)
             ... on level 9 of the Dungeon.
             The game lasted 00:09:39 (6262 turns).

LORDOFBUTT the Basher (Minotaur Fighter)            Turns: 6262, Time: 00:09:40

HP:   -3/81 (82)    AC:  9    Str: 22    XL:     9   Next: 71%
MP:   8/8           EV:  9    Int:  5    God:    Ashenzari [**....]
Gold: 62            SH:  0    Dex: 12    Spells: 0 memorised, 8 levels left

rFire  . . .     SeeInvis +     K - +8 battleaxe "Xotezaet" {drain, +Blink rC+ MR+ Stlth+}
rCold  + . .     Gourm    .     b - +0 scale mail
rNeg   . . .     Faith    .     (shield currently unavailable)
rPois  .         Spirit   .     (helmet restricted)
rElec  .         Dismiss  .     q - +0 cloak (curse)
rCorr  .         Reflect  .     (no gloves)
SustAt .         Harm     .     (no boots)
MR     +....                    (no amulet)
Stlth  +.........               (no ring)
                                z - ring of see invisible

@: somewhat resistant to hostile enchantments, very unstealthy
A: retaliatory headbutt, horns 2
a: Curse Item, Scrying, Renounce Religion, Evoke Blink


You were on level 9 of the Dungeon.
You worshipped Ashenzari.
Ashenzari was pleased with you.
You were very full.

You visited 2 branches of the dungeon, and saw 10 of its levels.

You collected 407 gold pieces.
You spent 345 gold pieces at shops.

Inventory:

Hand Weapons
 F - a +2 flail
 K - the +8 battleaxe "Xotezaet" (weapon) {drain, +Blink rC+ MR+ Stlth+}
   (You bought it in a shop on level 4 of the Dungeon)

   A truly terrible weapon, it drains the life of those it strikes.
   It protects you from cold.
   It affects your resistance to hostile enchantments.
   It lets you blink.
   It makes you more stealthy.
Armour
 b - a +0 scale mail (worn)
 q - a cursed +0 cloak (worn)
Jewellery
 j - an uncursed ring of poison resistance
 z - a ring of see invisible (left hand)
 A - an uncursed ring of fire
Wands
 a - a wand of acid (4/15)
 l - a wand of random effects (32/48)
 m - a wand of hasting (2/9)
 D - a wand of iceblast (11/15)
 H - a wand of flame (30/48)
Scrolls
 e - a scroll of remove curse
 g - 2 scrolls of noise {unknown}
 h - a scroll of vulnerability {unknown}
 o - a scroll of enchant weapon {unknown}
 r - 2 scrolls of amnesia {unknown}
 t - 3 scrolls of fog {unknown}
 v - a scroll of blinking {unknown}
 x - 4 scrolls of teleportation {unknown}
 y - a scroll of random uselessness {unknown}
 C - 2 scrolls of enchant armour {unknown}
 J - a scroll of identify
Potions
 d - 2 potions of might
 k - a potion of agility
 n - 2 potions of haste
 p - a potion of invisibility {unknown}
 u - 5 potions of degeneration
 w - a potion of brilliance {unknown}
 B - 2 potions of resistance {unknown}
 E - a potion of curing {unknown}
 I - 2 potions of ambrosia {unknown}
Books
 c - a book of Cantrips

   Spells                             Type                      Level
   a - Corona                         Hexes                        1
   b - Animate Skeleton               Necromancy                   1
   c - Summon Small Mammal            Summoning                    1
   d - Apportation                    Translocation                1
 s - a book of Annihilations

   Spells                             Type                      Level
   a - Poison Arrow                   Conjuration/Poison           6
   b - Chain Lightning                Conjuration/Air              8
   c - Lehudib's Crystal Spear        Conjuration/Earth            8
   d - Glaciate                       Conjuration/Ice              9
   e - Fire Storm                     Conjuration/Fire             9
Comestibles
 f - 2 bread rations
 i - 3 meat rations
 G - 13 fruits


   Skills:
 + Level 8.6 Fighting
 * Level 1.9(6.9) Axes
 - Level 10.4(10.5) Maces & Flails
 + Level 8.2 Armour
   Level 8.0 Shields


You had 8 spell levels left.
You didn't know any spells.

Dungeon Overview and Level Annotations

Branches:
Dungeon (9/15)             Temple (1/1) D:5
   Lair: D:8-11         Orc: D:9-12

Altars:
Ashenzari
Cheibriados
Dithmenos
Elyvilon
Fedhas
Gozag
Kikubaaqudgha
Makhleb
Nemelex Xobeh
Okawaru
Pakellas
Qazlal
Ru
Sif Muna
Trog
Vehumet
Xom
Yredelemnul
Zin
The Shining One

Shops:
D:4 *


Innate Abilities, Weirdness & Mutations

You reflexively headbutt those who attack you in melee.
You have a pair of horns on your head.


Message History

The seven-headed hydra bites you.
There is an open door, spattered with blood here.
You slice one of the seven-headed hydra's heads off!
The six-headed hydra grows two more!
You slash the eight-headed hydra! You headbutt the eight-headed hydra.
The eight-headed hydra is lightly wounded.
The eight-headed hydra bites you.
The eight-headed hydra closely misses you.
The eight-headed hydra bites you! x2
The eight-headed hydra barely misses you.
The eight-headed hydra bites you but does no damage. x4
The eight-headed hydra misses you. The eight-headed hydra bites you! x2
The eight-headed hydra bites you.
* * * LOW HITPOINT WARNING * * *
The eight-headed hydra bites you!
* * * LOW HITPOINT WARNING * * *
The eight-headed hydra bites you.
* * * LOW HITPOINT WARNING * * *
The eight-headed hydra bites you!
You die...

#..............)....
#..........((....... *
##[......(.(.........
...................... ,
..........(#########.. ,
.......8...[........#..
..#####.............# .
.[..,#...#8............# #
* ....,#..D@.............#
* .....#...#8...8........#,
.....#####.............#
..........8.......[....#
.......................# #
.......................#.#
........################.#
*.........................#
(........................#


You could see an eight-headed hydra.

Vanquished Creatures
  Sigmund (D:5)
  2 hungry ghosts (D:7)
  A water moccasin (D:7)
  A sky beast (D:7)
  2 orc warriors
  An ice beast (D:7)
  2 phantoms
  2 necrophages (D:8)
  6 ogres
  A centaur (D:9)
  A big kobold (D:8)
  A giant frog (D:7)
  4 killer bees (D:7)
  5 wights (D:6)
  A howler monkey (D:4)
  A centaur zombie (D:8)
  2 crimson imps
  3 jellies
  An orc priest (D:6)
  A hound (D:4)
  7 orc wizards
  2 giant frog skeletons
  3 iguanas
  5 worker ants
  3 hound skeletons
  A hound zombie (D:5)
  A worker ant zombie (D:6)
  6 adders
  4 gnolls (D:6)
  A shadow imp (D:7)
  An adder zombie (D:8)
  An adder skeleton (D:8)
  3 worms
  2 dart slugs
  5 giant geckos
  10 orcs
  5 bats
  5 giant cockroaches
  9 goblins
  5 hobgoblins
  12 jackals
  A quokka (D:3)
  A ball python (D:2)
  6 giant newts
  4 kobolds
  6 rats
148 creatures vanquished.

Notes
Turn   | Place    | Note
--------------------------------------------------------------
     0 | D:1      | LORDOFBUTT the Minotaur Fighter began the quest for the Orb.
     0 | D:1      | Reached XP level 1. HP: 19/19 MP: 0/0
   130 | D:1      | Reached XP level 2. HP: 24/27 MP: 1/1
   247 | D:1      | You fall through a shaft!
   259 | D:2      | Found a shimmering altar of Xom.
   288 | D:2      | Reached skill level 3 in Maces & Flails
   305 | D:2      | Reached XP level 3. HP: 23/33 MP: 2/2
   457 | D:2      | Found a bloodstained altar of Trog.
   896 | D:3      | Reached XP level 4. HP: 38/41 MP: 3/3
  1247 | D:3      | Found a blossoming altar of Fedhas.
  1407 | D:4      | Found a basalt altar of Yredelemnul.
  1504 | D:4      | Found a shadowy altar of Dithmenos.
  1555 | D:4      | Reached skill level 4 in Maces & Flails
  1721 | D:4      | Reached XP level 5. HP: 42/47 MP: 4/4
  1775 | D:4      | Noticed an ogre
  1795 | D:4      | Killed an ogre
  1795 | D:4      | Reached skill level 5 in Fighting
  1818 | D:4      | Reached skill level 5 in Maces & Flails
  1818 | D:4      | Reached XP level 6. HP: 56/56 MP: 5/5
  1997 | D:4      | Found Ecacycos's Assorted Antiques.
  2229 | D:5      | Entered Level 5 of the Dungeon
  2232 | D:5      | Noticed Sigmund
  2260 | D:5      | Killed Sigmund
  2260 | D:5      | Reached skill level 5 in Armour
  2260 | D:5      | Reached skill level 5 in Shields
  2481 | D:5      | Reached skill level 6 in Maces & Flails
  2481 | D:5      | Reached XP level 7. HP: 61/61 MP: 6/6
  2499 | D:5      | Found a basalt altar of Yredelemnul.
  2539 | D:5      | Found a staircase to the Ecumenical Temple.
  2560 | D:5      | Found a sparkling altar of Nemelex Xobeh.
  3024 | Temple   | Entered the Ecumenical Temple
  3028 | Temple   | Became a worshipper of Ashenzari the Shackled
  3398 | D:6      | Reached skill level 7 in Maces & Flails
  3565 | D:6      | Found an ancient bone altar of Kikubaaqudgha.
  3617 | D:6      | Reached XP level 8. HP: 67/71 MP: 7/7
  3741 | D:6      | Reached skill level 8 in Maces & Flails
  3751 | D:6      | Found a sacrificial altar of Ru.
  4134 | D:7      | Reached * piety under Ashenzari
  4284 | D:7      | Paralysed by fainting for 5 turns
  4508 | D:7      | Reached skill level 9 in Maces & Flails
  4541 | D:7      | Reached XP level 9. HP: 63/79 MP: 8/8
  5167 | D:7      | Reached skill level 10 in Maces & Flails
  5621 | D:8      | Found an oddly glowing altar of Pakellas.
  5901 | D:4      | Bought an ichor-stained battleaxe for 345 gold pieces
  5908 | D:4      | Identified the +8 battleaxe "Xotezaet" {drain, +Blink rC+ MR+ Stlth+} (You bought it in a shop on level 4 of the Dungeon)
  6034 | D:8      | Reached skill level 1 in Axes
  6164 | D:9      | Reached ** piety under Ashenzari
  6260 | D:9      | Noticed a seven-headed hydra
  6262 | D:9      | Slain by an eight-headed hydra

Skill      XL: |  1  2  3  4  5  6  7  8  9 |
---------------+----------------------------+-----
Fighting       | 4 5 6 7 8 |  8.6
Maces & Flails | 3 4 5 6 7 9 10 | 10.4
Armour         | 4 5 6 7 8 |  8.2
Shields        | 4 5 6 7 8 |  8.0
Axes           | 1 |  1.9

Action                   |  1- 3 |  4- 6 |  7- 9 || total
-------------------------+-------+-------+-------++-------
Melee: Flail             |   104 |   103 |   314 ||   521
       Headbutt          |    16 |    23 |    58 ||    97
       Battleaxe         |       |       |     8 ||     8
Invok: Curse Item        |       |       |     1 ||     1
  Use: Scroll            |     2 |       |     4 ||     6
       Potion            |       |     1 |     3 ||     4
  Eat: Pizza             |       |     2 |       ||     2
       Chunk             |       |     1 |       ||     1
       Meat ration       |       |     1 |     2 ||     3
       Bread ration      |       |       |     2 ||     2
       Fruit             |       |       |    11 ||    11
Armor: Scale mail        |    48 |    38 |    90 ||   176
       Skin              |       |     4 |    13 ||    17
Dodge: Dodged            |    24 |    26 |    81 ||   131
Block: Shield            |    51 |    50 |   145 ||   246
